 Dungeon Crawl Stone Soup version 0.22.0 (webtiles) character file.

944 DingoDongler the Fighter (level 8, -2/63 HPs)
             Began as a Gnoll Wanderer on Aug 16, 2018.
             Killed by divine providence
             ... invoked by an orc priest
              (10 damage)
             ... on level 6 of the Dungeon.
             The game lasted 00:25:43 (4202 turns).

DingoDongler the Fighter (Gnoll Wanderer)           Turns: 4202, Time: 00:25:44

Health: -2/63      AC: 11    Str: 18    XL:     8   Next: 12%
Magic:  0/12       EV: 12    Int: 15    God:    Xom [...*..]
Gold:   237        SH:  0    Dex: 13    Spells: 12/12 levels left

rFire    . . .     SeeInvis .   s - +4 quarterstaff (chaos)
rCold    . . .     Gourm    .   (shield currently unavailable)
rNeg     . . .     Faith    .   y - +3 ring mail
rPois    .         Spirit   +   (no helmet)
rElec    .         Reflect  .   v - +0 cloak {+Inv}
rCorr    .         Harm     .   (no gloves)
MR       .....                  (no boots)
Stlth    +++.......             l - amulet of guardian spirit
HPRegen  0.20/turn              (no ring)
MPRegen  0.13/turn              (no ring)

@: very slightly contaminated
A: distributed training, fangs 1, talons 1, thin metallic scales 1, frail 1,
strong nose
a: Renounce Religion, Evoke Invisibility


You were on level 6 of the Dungeon.
You worshipped Xom.
You were a favourite toy of Xom.
You were not hungry.

You visited 1 branch of the dungeon, and saw 6 of its levels.

You collected 237 gold pieces.

Inventory:

Hand Weapons
 d - a +0 club
 e - a +0 dagger
 g - a +0 short sword
 h - a +0 flail
 p - a +0 club
 q - a -1 hunting sling
 s - a +4 quarterstaff of chaos (weapon)
 t - a +0 mace
 w - a cursed -1 mace
Missiles
 r - 267 stones (quivered)
Armour
 c - a +0 robe
 i - a +0 large shield
 k - a +3 leather armour
 u - a +0 scale mail
 v - a +0 cloak of invisibility (worn)
 y - a +3 ring mail (worn)
Jewellery
 l - an amulet of guardian spirit (around neck)
Wands
 a - a wand of enslavement (15)
Scrolls
 o - a scroll of identify
Potions
 n - a potion of mutation {unknown}
 x - a potion of might {unknown}
Comestibles
 f - 11 rations


   Skills:
 + Level 9.0 Fighting
 + Level 2.9 Short Blades
 + Level 2.9 Long Blades
 + Level 2.9 Axes
 + Level 2.9 Maces & Flails
 + Level 2.9 Polearms
 + Level 2.9 Staves
 + Level 2.9 Slings
 + Level 2.9 Bows
 + Level 2.9 Crossbows
 + Level 2.9 Throwing
 + Level 2.9 Armour
 + Level 3.9 Dodging
 + Level 8.3 Stealth
 + Level 2.9 Shields
 + Level 2.9 Unarmed Combat
 + Level 2.9 Spellcasting
 + Level 2.3 Conjurations
 + Level 2.3 Hexes
 + Level 2.3 Charms
 + Level 2.3 Summonings
 + Level 2.3 Necromancy
 + Level 2.3 Translocations
 + Level 2.3 Transmutations
 + Level 2.3 Fire Magic
 + Level 2.3 Ice Magic
 + Level 2.3 Air Magic
 + Level 2.3 Earth Magic
 + Level 2.3 Poison Magic
   Level 3.2 Invocations
 + Level 3.9 Evocations


You had 12 spell levels left.
You didn't know any spells.
Your spell library contained the following spells:

 Spells                   Type           Power        Failure   Level  Hunger
 Magic Dart               Conj           #...         13%         1    #......
 Conjure Flame            Conj/Fire      #.......     36%         3    ###....
 Slow                     Hex            #.......     21%         2    ##.....
 Mephitic Cloud           Conj/Pois/Air  #.......     36%         3    ###....
 Blink                    Tloc           N/A          21%         2    ##.....
 Call Imp                 Summ           #.......     21%         2    ##.....


Dungeon Overview and Level Annotations

Branches:
Dungeon (6/15)
 Temple: D:4-7

Altars:
Trog
Xom
Zin


Innate Abilities, Weirdness & Mutations

Your experience applies equally to all skills.
You have very sharp teeth.
Your uncanny sense of smell can sniff out nearby items.
You have sharp toenails.
You are partially covered in thin metallic scales. (AC +2)
You are frail. (-10% HP)


Message History

You bump into the rock wall.
You flicker for a moment.
The orc warrior shouts!
You bump into the rock wall.
You bump into the rock wall.
You feel less confused. The orc priest barely misses you.
You open the door.
You flicker back into view.
You fade into invisibility!
You feel quite a bit more hungry. The orc warrior barely misses you.
The orc priest hits you from afar with a trident.
* * * LOW HITPOINT WARNING * * *
There is an open door here.
You flicker for a moment.
The orc priest shouts!
You flicker back into view.
The orc priest mumbles some strange prayers to Beogh against you.
Beogh smites you!
You die...

#####################
...o.'..............#
....o#..............#
.....#..............#
.....#..............#
.....#....o.....@...#
##...##############+#
#...#.........
#...'.........
#...#.........
#...#.........
#...#o........
#+###o........
......o........


You could see an orc priest.

Vanquished Creatures
  The ghost of Kramin the Cleaver, a novice DDFi of Makhleb (D:4)
  A polar bear (D:5)
  Sigmund (D:3)
  2 black bears (D:5)
  A jelly (D:5)
  A bullfrog zombie (D:6)
  An orc priest (D:4)
  Crazy Yiuf (D:2)
  An orc wizard (D:4)
  Jessica (D:3)
  Terence (D:2)
  2 iguanas (D:4)
  A worker ant (D:4)
  A gnoll (D:1)
  8 adders
  An adder zombie (D:4)
  2 worms (D:4)
  3 leopard geckos
  4 orcs
  A ball python (D:2)
  2 giant cockroaches
  8 goblins
  7 hobgoblins
  9 jackals
  3 kobolds
  5 bats
  A frilled lizard (D:1)
  A jackal skeleton (D:4)
  8 rats
  2 withered plants (D:4)
81 creatures vanquished.

Vanquished Creatures (collateral kills)
  An orc priest (D:4)
  An orc wizard (D:4)
2 creatures vanquished.

Grand Total: 83 creatures vanquished

Notes
Turn   | Place    | Note
-------+----------+-------------------------------------------
     0 | D:1      | DingoDongler the Gnoll Wanderer began the quest for the Orb.
     0 | D:1      | DingoDongler set off with: a wand of enslavement (15), 2 potions of curing, a +0 robe, a +0 club, a +0 dagger, a ration
     0 | D:1      | Reached XP level 1. HP: 26/26 MP: 2/2
   296 | D:1      | Reached XP level 2. HP: 33/33 MP: 3/3
  1114 | D:2      | Reached XP level 3. HP: 29/38 MP: 4/4
  1423 | D:2      | Reached skill level 1 in Invocations
  1529 | D:2      | Reached skill level 1 in Short Blades
  1529 | D:2      | Reached skill level 1 in Long Blades
  1529 | D:2      | Reached skill level 1 in Axes
  1529 | D:2      | Reached skill level 1 in Maces & Flails
  1529 | D:2      | Reached skill level 1 in Polearms
  1529 | D:2      | Reached skill level 1 in Staves
  1529 | D:2      | Reached skill level 1 in Slings
  1529 | D:2      | Reached skill level 1 in Bows
  1529 | D:2      | Reached skill level 1 in Crossbows
  1529 | D:2      | Reached skill level 1 in Throwing
  1529 | D:2      | Reached skill level 1 in Armour
  1529 | D:2      | Reached skill level 1 in Shields
  1529 | D:2      | Reached skill level 1 in Unarmed Combat
  1529 | D:2      | Reached skill level 1 in Spellcasting
  1551 | D:2      | Reached XP level 4. HP: 43/45 MP: 6/6
  1675 | D:2      | Noticed Terence
  1697 | D:2      | Killed Terence
  1697 | D:2      | Reached skill level 1 in Conjurations
  1697 | D:2      | Reached skill level 1 in Hexes
  1697 | D:2      | Reached skill level 1 in Charms
  1697 | D:2      | Reached skill level 1 in Summonings
  1697 | D:2      | Reached skill level 1 in Necromancy
  1697 | D:2      | Reached skill level 1 in Translocations
  1697 | D:2      | Reached skill level 1 in Transmutations
  1697 | D:2      | Reached skill level 1 in Fire Magic
  1697 | D:2      | Reached skill level 1 in Ice Magic
  1697 | D:2      | Reached skill level 1 in Air Magic
  1697 | D:2      | Reached skill level 1 in Earth Magic
  1697 | D:2      | Reached skill level 1 in Poison Magic
  1904 | D:2      | Found a runed door.
  1910 | D:2      | Noticed Crazy Yiuf
  1916 | D:2      | Killed Crazy Yiuf
  1916 | D:2      | Reached XP level 5. HP: 45/51 MP: 5/7
  2202 | D:2      | Found a bloodstained altar of Trog.
  2207 | D:2      | Became a worshipper of Trog the Wrathful
  2213 | D:2      | Found a shimmering altar of Xom.
  2218 | D:2      | Fell from the grace of Trog
  2218 | D:2      | Became a worshipper of Xom of Chaos
  2224 | D:2      | Found a glowing silver altar of Zin.
  2352 | D:3      | Noticed Jessica
  2358 | D:3      | Killed Jessica
  2596 | D:3      | Noticed Sigmund
  2600 | D:3      | XOM: harmless Ice miscast
  2602 | D:3      | Paralysed by Trog for 2 turns
  2609 | D:3      | Killed Sigmund
  2609 | D:3      | Reached XP level 6. HP: 53/57 MP: 7/9
  2636 | D:3      | XOM: harmless Tmut miscast
  2867 | D:4      | XOM: divination: detect items
  2875 | D:4      | XOM: cast spell 'Call Canine Familiar'
  2886 | D:4      | Reached XP level 7. HP: 49/63 MP: 7/10
  3117 | D:4      | XOM is BORED!
  3117 | D:4      | XOM: harmless Pois miscast
  3208 | D:4      | XOM is BORED!
  3208 | D:4      | XOM: medium Summ miscast
  3209 | D:4      | Noticed an orange demon
  3393 | D:4      | XOM: divination: detect creatures
  3479 | D:4      | Found a runed door.
  3518 | D:4      | Noticed Kramin's ghost (novice DDFi)
  3528 | D:4      | XOM: harmless Tmut miscast
  3556 | D:4      | Killed Kramin's ghost
  3556 | D:4      | Reached skill level 9 in Fighting
  3556 | D:4      | Reached XP level 8. HP: 71/71 MP: 10/12
  3570 | D:4      | XOM: mild Conj miscast
  3570 | D:4      | XOM: smoke on damage
  3593 | D:4      | XOM: god gift: 5 rations
  3620 | D:4      | Noticed a polar bear
  3620 | D:4      | Noticed a polar bear
  3621 | D:4      | XOM: confuse monster(s)
  3695 | D:4      | XOM: give mutations
  3695 | D:4      | Gained mutation: You are partially covered in thin metallic scales. (AC +2) [Xom's grace]
  3695 | D:4      | Gained mutation: You have sharp toenails. [Xom's grace]
  3724 | D:5      | Entered Level 5 of the Dungeon
  3794 | D:5      | XOM: mild Erth miscast
  3796 | D:5      | Noticed a polar bear
  3796 | D:5      | Noticed a polar bear
  3910 | D:5      | XOM: enchant monster (good)
  3940 | D:5      | XOM: noise
  3942 | D:5      | HP: 1/71 [polar bear[the rage of Trog] (11)]
  3950 | D:5      | Killed a polar bear
  4065 | D:6      | XOM: give mutation
  4065 | D:6      | Gained mutation: You are frail. (-10% HP) [Xom's mischief]
  4142 | D:6      | XOM: 4-stop teleportation journey
  4202 | D:6      | Killed from afar by an orc priest

Skill      XL: |  1  2  3  4  5  6  7 |
---------------+----------------------+-----
Invocations    | 1 2 3 |  3.2
Short Blades   | 1 2 |  2.9
Long Blades    | 1 2 |  2.9
Axes           | 1 2 |  2.9
Maces & Flails | 1 2 |  2.9
Polearms       | 1 2 |  2.9
Staves         | 1 2 |  2.9
Slings         | 1 2 |  2.9
Bows           | 1 2 |  2.9
Crossbows      | 1 2 |  2.9
Throwing       | 1 2 |  2.9
Armour         | 1 2 |  2.9
Shields        | 1 2 |  2.9
Unarmed Combat | 1 2 |  2.9
Spellcasting   | 1 2 |  2.9
Conjurations   | 1 2 |  2.3
Hexes          | 1 2 |  2.3
Charms         | 1 2 |  2.3
Summonings     | 1 2 |  2.3
Necromancy     | 1 2 |  2.3
Translocations | 1 2 |  2.3
Transmutations | 1 2 |  2.3
Fire Magic     | 1 2 |  2.3
Ice Magic      | 1 2 |  2.3
Air Magic      | 1 2 |  2.3
Earth Magic    | 1 2 |  2.3
Poison Magic   | 1 2 |  2.3
Dodging        | 3 |  3.9
Evocations     | 3 |  3.9
Stealth        | 8 |  8.3
Fighting       | 9 |  9.0

Action                   |  1- 3 |  4- 6 |  7- 9 || total
-------------------------+-------+-------+-------++-------
Melee: Club              |    27 |       |       ||    27
       Bite              |     7 |     3 |    16 ||    26
       Flail             |    62 |    14 |       ||    76
       Quarterstaff      |       |    49 |   102 ||   151
       Kick              |       |       |    14 ||    14
 Fire: Hunting sling     |       |    34 |       ||    34
 Abil: Evoke Invisibilit |       |       |     4 ||     4
  Use: Scroll            |       |     4 |     8 ||    12
       Potion            |       |       |     3 ||     3
 Stab: Sleeping          |     5 |     3 |     3 ||    11
       Confused          |       |       |     4 ||     4
  Eat: Chunk             |     2 |     4 |     3 ||     9
       Ration            |       |       |     1 ||     1
Armor: Robe              |     7 |       |       ||     7
       Leather armour    |    52 |    15 |       ||    67
       Ring mail         |       |    22 |    49 ||    71
Dodge: Dodged            |    34 |    36 |    91 ||   161
Block: Large shield      |    66 |    31 |       ||    97
